TOP OF THE 1ST |
Vanderbilt Commodores batting - Pitching for Northwestern Wildcats : LHP Harry Fisher
|
Pitching: LHP Harry Fisher
|
|
Batting: SHB David Jones
|
0-0: Ball 1-0: Called Strike 1-1: Ball 2-1: Foul Ball, location: 2F 2-2: Strikes out swinging
|
Batting: SHB Marvin López
|
0-0: Called Strike 0-1: Called Strike 0-2: Ball 1-2: Ball 2-2: Strikes out looking
|
Batting: RHB Dalton Gray
|
0-0: Called Strike 0-1: Ball 1-1: Swinging Strike 1-2: Ground out 4-3 (Groundball, 4)
|
Top of the 1st over - 0 run(s), 0 hit(s), 0 error(s), 0 left on base; Vanderbilt 0 - Northwestern 0 |
BOTTOM OF THE 1ST |
Northwestern Wildcats batting - Pitching for Vanderbilt Commodores : RHP Reggie McClure
|
Pitching: RHP Reggie McClure
|
|
Batting: RHB Pablo Velásquez
|
0-0: Fly out, F3 (Popup, 3SF)
|
Batting: RHB Truman Younger
|
0-0: Foul Ball, location: 2F 0-1: Called Strike 0-2: Foul Ball, location: 2F 0-2: Fly out, F7 (Flyball, 7M)
|
Batting: SHB Arnold Maddox
|
0-0: Ball 1-0: Ball 2-0: Called Strike 2-1: Ball 3-1: Foul Ball, location: 2F 3-2: Foul Ball, location: 2F 3-2: Foul Ball, location: 2F 3-2: Fly out, F9 (Line Drive, 89S)
|
Bottom of the 1st over - 0 run(s), 0 hit(s), 0 error(s), 0 left on base; Vanderbilt 0 - Northwestern 0 |
TOP OF THE 2ND |
Vanderbilt Commodores batting - Pitching for Northwestern Wildcats : LHP Harry Fisher
|
Batting: RHB Andy Toledo
|
0-0: Foul Ball, location: 2F 0-1: Ball 1-1: Swinging Strike 1-2: Foul Ball, location: 2F 1-2: Strikes out swinging
|
Batting: LHB Robbie Turner
|
0-0: Called Strike 0-1: Ball 1-1: Ball 2-1: Ball 3-1: Base on Balls
|
Batting: RHB Herman Parker
|
0-0: Ball 1-0: Called Strike 1-1: Ball 2-1: Foul Ball, location: 2F 2-2: Ball 3-2: Grounds into double play, 5-4-3 (Groundball, 5)
|
Top of the 2nd over - 0 run(s), 0 hit(s), 0 error(s), 0 left on base; Vanderbilt 0 - Northwestern 0 |
BOTTOM OF THE 2ND |
Northwestern Wildcats batting - Pitching for Vanderbilt Commodores : RHP Reggie McClure
|
Batting: RHB Robbie Davis
|
0-0: Fly out, F9 (Flyball, 89S)
|
Batting: RHB Kelly Graham
|
0-0: Ball 1-0: Swinging Strike 1-1: Called Strike 1-2: Ball 2-2: Fly out, F3 (Popup, 3D)
|
Batting: LHB Xavier Smith
|
0-0: Called Strike 0-1: Ball 1-1: Ball 2-1: Ball 3-1: Foul Ball, location: 2F 3-2: Base on Balls
|
Batting: RHB Bob Acosta
|
0-0: Ball 1-0: Hit by Pitch Xavier Smith to second
|
Batting: RHB Robert Carter
|
0-0: SINGLE (Line Drive, 9LM) Xavier Smith to third Bob Acosta to second
|
Batting: RHB Andrés Ibáñez
|
0-0: Called Strike 0-1: Foul Ball, location: 2F 0-2: Strikes out swinging
|
Bottom of the 2nd over - 0 run(s), 1 hit(s), 0 error(s), 3 left on base; Vanderbilt 0 - Northwestern 0 |
TOP OF THE 3RD |
Vanderbilt Commodores batting - Pitching for Northwestern Wildcats : LHP Harry Fisher
|
Batting: RHB Robert Warner
|
0-0: Called Strike 0-1: Ball 1-1: Foul Ball, location: 2F 1-2: Ball 2-2: Strikes out swinging
|
Batting: LHB Micah Brantley
|
0-0: Fly out, F5 (Popup, 56S)
|
Batting: LHB Will Holt
|
0-0: Ground out 1-3 (Groundball, 15)
|
Top of the 3rd over - 0 run(s), 0 hit(s), 0 error(s), 0 left on base; Vanderbilt 0 - Northwestern 0 |
BOTTOM OF THE 3RD |
Northwestern Wildcats batting - Pitching for Vanderbilt Commodores : RHP Reggie McClure
|
Batting: RHB Pablo Velásquez
|
0-0: Ball 1-0: Ground out 6-3 (Groundball, 6MS)
|
Batting: RHB Truman Younger
|
0-0: Fly out, F3 (Popup, 3F)
|
Batting: SHB Arnold Maddox
|
0-0: Foul Ball, location: 2F 0-1: Ball 1-1: Foul Ball, location: 2F 1-2: Strikes out looking
|
Bottom of the 3rd over - 0 run(s), 0 hit(s), 0 error(s), 0 left on base; Vanderbilt 0 - Northwestern 0 |
TOP OF THE 4TH |
Vanderbilt Commodores batting - Pitching for Northwestern Wildcats : LHP Harry Fisher
|
Batting: SHB David Jones
|
0-0: SINGLE (Flyball, 9LM)
|
Batting: SHB Marvin López
|
0-0: Ball 1-0: Called Strike David Jones is caught stealing 2nd base 1-1: SINGLE (Line Drive, 7S)
|
Batting: RHB Dalton Gray
|
0-0: Ball 1-0: Ball 2-0: Fly out, F3 (Popup, 3S)
|
Batting: RHB Andy Toledo
|
0-0: Ball 1-0: Ball 2-0: Ball 3-0: Base on Balls Marvin López to second
|
Batting: LHB Robbie Turner
|
0-0: Ball 1-0: Called Strike 1-1: Ball 2-1: Ball 3-1: Foul Ball, location: 2F 3-2: Fly out, F8 (Line Drive, 8LM)
|
Top of the 4th over - 0 run(s), 2 hit(s), 0 error(s), 2 left on base; Vanderbilt 0 - Northwestern 0 |
BOTTOM OF THE 4TH |
Northwestern Wildcats batting - Pitching for Vanderbilt Commodores : RHP Reggie McClure
|
Batting: RHB Robbie Davis
|
0-0: Called Strike 0-1: Foul Ball, location: 2F 0-2: Foul Ball, location: 2F 0-2: Hit by Pitch
|
Batting: RHB Kelly Graham
|
0-0: Called Strike 0-1: Fielders Choice at 2nd, 5-4 (Groundball, 5L)
|
Batting: LHB Xavier Smith
|
0-0: Ball 1-0: Ball 2-0: Called Strike 2-1: Ball 3-1: Foul Ball, location: 2F 3-2: SINGLE (Groundball, 6MD) Kelly Graham to second Kelly Graham to third
|
Batting: RHB Bob Acosta
|
0-0: Foul Ball, location: 2F 0-1: Ball 1-1: Ball 2-1: Foul Ball, location: 2F 2-2: Ball 3-2: Foul Ball, location: 2F 3-2: Base on Balls Xavier Smith to second
|
Batting: RHB Robert Carter
|
0-0: Ball 1-0: Fielders Choice at 2nd, 6-4 (Groundball, 56) Kelly Graham scores Xavier Smith to third
|
Batting: RHB Andrés Ibáñez
|
0-0: Swinging Strike 0-1: Fielders Choice at 2nd, U6 (Groundball, 6M)
|
Bottom of the 4th over - 1 run(s), 1 hit(s), 0 error(s), 2 left on base; Vanderbilt 0 - Northwestern 1 |
TOP OF THE 5TH |
Vanderbilt Commodores batting - Pitching for Northwestern Wildcats : LHP Harry Fisher
|
Batting: RHB Herman Parker
|
0-0: Called Strike 0-1: Ball 1-1: Ball 2-1: Foul Ball, location: 2F 2-2: DOUBLE (Line Drive, 8LXD)
|
Batting: RHB Robert Warner
|
0-0: Ball 1-0: Ball 2-0: Called Strike 2-1: Fly out, F8 (Line Drive, 8RM)
|
Batting: LHB Micah Brantley
|
0-0: Called Strike 0-1: Fly out, F8 (Flyball, 8LM)
|
Batting: LHB Will Holt
|
0-0: Ball 1-0: Foul Ball, location: 2F 1-1: SINGLE (Flyball, 9LS) Herman Parker to third Runner from 3rd tries for Home, SAFE, no throw or cutoff
|
Batting: SHB David Jones
|
0-0: Called Strike Will Holt is caught stealing 2nd base
|
Top of the 5th over - 1 run(s), 2 hit(s), 0 error(s), 0 left on base; Vanderbilt 1 - Northwestern 1 |
BOTTOM OF THE 5TH |
Northwestern Wildcats batting - Pitching for Vanderbilt Commodores : RHP Reggie McClure
|
Batting: RHB Pablo Velásquez
|
0-0: Foul Ball, location: 2F 0-1: Foul Ball, location: 2F 0-2: Ball 1-2: Foul Ball, location: 2F 1-2: Ball 2-2: Strikes out swinging
|
Batting: RHB Truman Younger
|
0-0: Called Strike 0-1: Reached on error, E1 (Groundball, 15)
|
Batting: SHB Arnold Maddox
|
0-0: Fielders Choice at 2nd, 6-4 (Groundball, 6M)
|
Batting: RHB Robbie Davis
|
0-0: Ball 1-0: Called Strike 1-1: Swinging Strike 1-2: Foul Ball, location: 2F 1-2: Ball Arnold Maddox steals 2nd base 2-2: Strikes out swinging
|
Bottom of the 5th over - 0 run(s), 0 hit(s), 1 error(s), 1 left on base; Vanderbilt 1 - Northwestern 1 |
TOP OF THE 6TH |
Vanderbilt Commodores batting - Pitching for Northwestern Wildcats : LHP Harry Fisher
|
Batting: SHB David Jones
|
0-0: Ball 1-0: Fly out, F3 (Popup, 3SF)
|
Batting: SHB Marvin López
|
0-0: Called Strike 0-1: DOUBLE (Flyball, 9LD)
|
Batting: RHB Dalton Gray
|
0-0: Ball 1-0: Foul Ball, location: 2F 1-1: Called Strike 1-2: Ball 2-2: Strikes out swinging
|
Batting: RHB Andy Toledo
|
0-0: Called Strike 0-1: Foul Ball, location: 2F 0-2: Ball 1-2: Foul Ball, location: 2F 1-2: Foul Ball, location: 2F 1-2: Ground out 4-3 (Groundball, 4M)
|
Top of the 6th over - 0 run(s), 1 hit(s), 0 error(s), 1 left on base; Vanderbilt 1 - Northwestern 1 |
BOTTOM OF THE 6TH |
Northwestern Wildcats batting - Pitching for Vanderbilt Commodores : RHP Reggie McClure
|
Batting: RHB Kelly Graham
|
0-0: Ball 1-0: SINGLE (Groundball, 6M)
|
Batting: LHB Xavier Smith
|
0-0: Ball 1-0: Ball 2-0: Ball 3-0: Called Strike 3-1: Called Strike 3-2: Foul Ball, location: 2F 3-2: Foul Ball, location: 2F 3-2: Fly out, F6 (Popup, 6M)
|
Pitching: RHP Max Kessinger
|
|
Batting: RHB Bob Acosta
|
0-0: Called Strike 0-1: Ball 1-1: Ball 2-1: Called Strike 2-2: Strikes out swinging
|
Batting: RHB Robert Carter
|
0-0: Ball 1-0: Called Strike 1-1: 2-RUN HOME RUN (Flyball, 7LD), Distance : 324 ft
|
Batting: RHB Andrés Ibáñez
|
0-0: Foul Ball, location: 2F 0-1: Ball 1-1: Foul Ball, location: 2F 1-2: Ground out U3 (Groundball, 3S)
|
Bottom of the 6th over - 2 run(s), 2 hit(s), 0 error(s), 0 left on base; Vanderbilt 1 - Northwestern 3 |
TOP OF THE 7TH |
Vanderbilt Commodores batting - Pitching for Northwestern Wildcats : LHP Harry Fisher
|
Pitching: LHP Ricky Martin
|
|
Batting: LHB Robbie Turner
|
0-0: SINGLE (Groundball, 34D)
|
Batting: RHB Herman Parker
|
0-0: Called Strike Robbie Turner is caught stealing 2nd base 0-1: Ball 1-1: Ball 2-1: Ball 3-1: Called Strike 3-2: SINGLE (Line Drive, 7LS)
|
Batting: RHB Robert Warner
|
0-0: Swinging Strike 0-1: Ball 1-1: Called Strike 1-2: Ball Pickoff Throw to First - Error! E1 Herman Parker to second 2-2: SINGLE (Flyball, 9LM) Herman Parker to third
|
Batting: LHB Micah Brantley
|
0-0: Called Strike 0-1: Ball 1-1: Ball 2-1: Foul Ball, location: 2F 2-2: Ball 3-2: Foul Ball, location: 2F 3-2: Foul Ball, location: 2F 3-2: Strikes out swinging
|
Batting: LHB Will Holt
|
0-0: Swinging Strike 0-1: DOUBLE (Line Drive, 7LM) Herman Parker scores Robert Warner to third Runner from 3rd tries for Home, SAFE, no throw or cutoff
|
Batting: SHB David Jones
|
0-0: Ball 1-0: Called Strike 1-1: Ball 2-1: Foul Ball, location: 2F 2-2: Foul Ball, location: 2F 2-2: Strikes out swinging
|
Top of the 7th over - 2 run(s), 4 hit(s), 1 error(s), 1 left on base; Vanderbilt 3 - Northwestern 3 |
BOTTOM OF THE 7TH |
Northwestern Wildcats batting - Pitching for Vanderbilt Commodores : RHP Max Kessinger
|
Batting: RHB Pablo Velásquez
|
0-0: Called Strike 0-1: Ground out 5-3 (Groundball, 56)
|
Batting: RHB Truman Younger
|
0-0: Swinging Strike 0-1: Ball 1-1: Ground out 4-3 (Groundball, 4)
|
Batting: SHB Arnold Maddox
|
0-0: Ball 1-0: Called Strike 1-1: Fly out, F6 (Popup, 6D)
|
Bottom of the 7th over - 0 run(s), 0 hit(s), 0 error(s), 0 left on base; Vanderbilt 3 - Northwestern 3 |
TOP OF THE 8TH |
Vanderbilt Commodores batting - Pitching for Northwestern Wildcats : LHP Ricky Martin
|
Batting: SHB Marvin López
|
0-0: Ball 1-0: Swinging Strike 1-1: Swinging Strike 1-2: Fly out, F8 (Flyball, 8RXD)
|
Batting: RHB Dalton Gray
|
0-0: Ball 1-0: SINGLE (Line Drive, 4D)
|
Batting: RHB Andy Toledo
|
0-0: Ball 1-0: Foul Ball, location: 2F 1-1: Ball 2-1: Ball 3-1: Base on Balls Dalton Gray to second
|
Pitching: RHP Alfredo García
|
|
Batting: LHB Robbie Turner
|
0-0: Ball 1-0: Foul Ball, location: 2F 1-1: Fly out, F4 (Popup, 34D)
|
Batting: RHB Herman Parker
|
0-0: Fly out, F3 (Line Drive, 34)
|
Top of the 8th over - 0 run(s), 1 hit(s), 0 error(s), 2 left on base; Vanderbilt 3 - Northwestern 3 |
BOTTOM OF THE 8TH |
Northwestern Wildcats batting - Pitching for Vanderbilt Commodores : RHP Max Kessinger
|
Batting: RHB Robbie Davis
|
0-0: Ball 1-0: Ball 2-0: Ball 3-0: Base on Balls
|
Batting: RHB Kelly Graham
|
0-0: Swinging Strike 0-1: Foul Ball, location: 2F 0-2: Strikes out looking
|
Pitching: LHP Ernesto Pérez
|
|
Pinch Hitting: RHB Bill Christian
|
0-0: Ball 1-0: Ball 2-0: Called Strike 2-1: Fielders Choice at 2nd, 1-4 (Groundball, 23)
|
Batting: RHB Bob Acosta
|
0-0: Ball 1-0: Ball 2-0: 2-RUN HOME RUN (Flyball, 7D), Distance : 361 ft
|
Batting: RHB Robert Carter
|
0-0: Swinging Strike 0-1: Ball 1-1: Called Strike 1-2: Ball 2-2: Foul Ball, location: 2F 2-2: Strikes out swinging
|
Bottom of the 8th over - 2 run(s), 1 hit(s), 0 error(s), 0 left on base; Vanderbilt 3 - Northwestern 5 |
TOP OF THE 9TH |
Vanderbilt Commodores batting - Pitching for Northwestern Wildcats : RHP Alfredo García
|
Pitching: RHP Johnny Anderson
|
|
Now at 1B: John Allen
|
|
Now in LF: Thomas Brennan
|
|
Now in RF: Bill Christian
|
|
Batting: RHB Robert Warner
|
0-0: Ground out 6-3 (Groundball, 56)
|
Batting: LHB Micah Brantley
|
0-0: Called Strike 0-1: DOUBLE (Flyball, 89M)
|
Batting: LHB Will Holt
|
0-0: Ball 1-0: Foul Ball, location: 2F 1-1: Ball 2-1: Ground out 2-3 (Groundball, 25) Micah Brantley to third
|
Batting: SHB David Jones
|
0-0: Called Strike 0-1: Swinging Strike 0-2: Ball 1-2: Foul Ball, location: 2F 1-2: Hit by Pitch
|
Batting: SHB Marvin López
|
0-0: DOUBLE (Flyball, 7D) Micah Brantley scores David Jones to third
|
Batting: RHB Dalton Gray
|
0-0: Ball 1-0: Ball 2-0: Ball 3-0: Called Strike 3-1: Base on Balls
|
Batting: RHB Andy Toledo
|
0-0: Ball 1-0: Called Strike 1-1: Foul Ball, location: 2F 1-2: Foul Ball, location: 2F 1-2: Ball 2-2: Ball 3-2: Foul Ball, location: 2F 3-2: Foul Ball, location: 2F 3-2: Strikes out looking
|
Top of the 9th over - 1 run(s), 2 hit(s), 0 error(s), 3 left on base; Vanderbilt 4 - Northwestern 5 |
|